 Dungeon Crawl Stone Soup version 0.19-a0-1513-gf6d23ed (webtiles) character file.

8129 rlgrobin the Frost Mage (level 11, -9/138 HPs)
             Began as a Naga Ice Elementalist on Sept 11, 2016.
             Was a Priest of Vehumet.
             Mangled by a nine-headed hydra (11 damage)
             ... on level 10 of the Dungeon on Sept 12, 2016.
             The game lasted 00:39:50 (11581 turns).

rlgrobin the Frost Mage (Naga Ice Elementalist)    Turns: 11581, Time: 00:39:51

Health: -9/138     AC:  9    Str: 15    XL:     11   Next: 26%
Magic:  2/18       EV: 10    Int: 19    God:    Vehumet [***...]
Gold:   538        SH:  4    Dex: 12    Spells: 7 memorised, 1 level left

rFire  + . .     SeeInvis +     a - +7 Screaming Sword
rCold  . . .     Gourm    .     R - +1 robe {MR+}
rNeg   . . .     Faith    .     m - +0 buckler
rPois  +         Spirit   .     j - +0 helmet
rElec  .         Dismiss  .     y - +1 cloak {MR+}
rCorr  .         Reflect  .     r - +0 pair of gloves
MR     +++..     Harm     .     (no barding)
Stlth  ..........               (no amulet)
                                E - ring of flight
                                p - ring "Qage" {rF+ SInv Stlth+}

@: berserking, very slightly contaminated, quick
A: see invisible, deformed body, poison resistance, slowness 2, slow metabolism
1, spit poison 1, AC +3
a: Spit Poison, Renounce Religion, Evoke Flight


You were on level 10 of the Dungeon.
You worshipped Vehumet.
Vehumet was most pleased with you.
You were not hungry.

You visited 3 branches of the dungeon, and saw 12 of its levels.
You also visited: Sewer.

You collected 538 gold pieces.

Inventory:

Hand Weapons
 a - the +7 Screaming Sword (weapon)
   (You found it on level 5 of the Dungeon)
 b - a +0 blowgun
 f - the +5 short sword "Testudineslayer" {pierce, -Tele rC+ rN++ Dex+4}
   (You found it on level 6 of the Dungeon)

   It inflicts extra damage upon your enemies.
   It affects your dexterity (+4).
   It protects you from cold.
   It greatly protects you from negative energy.
   It prevents most forms of teleportation.
Missiles
 h - 49 poisoned needles
 A - a throwing net (quivered)
Armour
 j - a +0 helmet (worn)
 m - a +0 buckler (worn)
 q - a cursed +0 ring mail
 r - a +0 pair of gloves (worn)
 u - a +0 shield
 y - a +1 cloak of magic resistance (worn)
 J - a troll hide {Purgy}
 R - a +1 robe of magic resistance (worn)
Magical Staves
 I - an uncursed staff of air
Jewellery
 p - the ring "Qage" (left hand) {rF+ SInv Stlth+}
   (You found it on level 4 of the Dungeon)

   [ring of protection from fire]

   It protects you from fire.
   It lets you see invisible.
   It makes you more stealthy.
 E - a ring of flight (right hand)
Wands
 d - a wand of polymorph (13/24)
 B - a wand of random effects (18/48)
 O - a wand of iceblast (0/15)
 Q - a wand of digging (11/24)
Scrolls
 e - 2 scrolls of amnesia
 k - 2 scrolls of recharging
 n - 4 scrolls of remove curse
 H - 2 scrolls of blinking
Potions
 s - 4 potions of flight
 t - 4 potions of curing
 v - a potion of ambrosia
 D - a potion of lignification {unknown}
 F - a potion of degeneration {unknown}
 G - 2 potions of brilliance
 K - 3 potions of heal wounds {unknown}
 L - a potion of agility {unknown}
 M - a potion of magic
Books
 w - a book of Frost

   Spells                             Type                      Level
   a - Freeze                         Ice                          1
   b - Throw Frost                    Conjuration/Ice              2
   c - Ozocubu's Armour               Charms/Ice                   3
   d - Throw Icicle                   Conjuration/Ice              4
   e - Summon Ice Beast               Ice/Summoning                4
 x - a book of Ice

   Spells                             Type                      Level
   a - Ice Form                       Ice/Transmutation            4
   b - Metabolic Englaciation         Hexes/Ice                    5
   c - Ozocubu's Refrigeration        Ice                          6
   d - Bolt of Cold                   Conjuration/Ice              6
   e - Freezing Cloud                 Conjuration/Ice/Air          6
   f - Simulacrum                     Ice/Necromancy               6
 C - a book of Conjurations

   Spells                             Type                      Level
   a - Magic Dart                     Conjuration                  1
   b - Searing Ray                    Conjuration                  2
   c - Dazzling Spray                 Conjuration/Hexes            3
   d - Fulminant Prism                Conjuration/Hexes            4
   e - Iskenderun's Mystic Blast      Conjuration                  4
   f - Iskenderun's Battlesphere      Conjuration/Charms           5
 N - a book of Beasts

   Spells                             Type                      Level
   a - Summon Butterflies             Summoning                    1
   b - Call Canine Familiar           Summoning                    3
   c - Summon Ice Beast               Ice/Summoning                4
   d - Summon Mana Viper              Hexes/Summoning              5
   e - Summon Hydra                   Summoning                    7
Comestibles
 c - 10 bread rations
 g - 2 fruits
 i - 5 meat rations
 o - a beef jerky
 z - a slice of pizza
 P - 2 chunks of flesh {@w1}


   Skills:
 - Level 4.1 Fighting
 - Level 8.0 Long Blades
 - Level 1.5 Dodging
 - Level 5.4 Stealth
 - Level 3.4 Shields
 + Level 4.9 Spellcasting
 * Level 8.5 Conjurations
 - Level 4.2 Charms
 * Level 8.7 Ice Magic


You had one spell level left.
You knew the following spells:

 Your Spells              Type           Power        Failure   Level  Hunger
a - Dazzling Spray        Conj/Hex       ###...       2%          3    ##.....
e - Freeze                Ice            ####         1%          1    None
f - Throw Icicle          Conj/Ice       #####...     1%          4    ####...
r - Throw Frost           Conj/Ice       #####.       1%          2    #......
w - Static Discharge      Conj/Air       ###.....     2%          3    ##.....
x - Ozocubu's Armour      Chrm/Ice       ####....     2%          3    ##.....
y - Searing Ray           Conj           #####.       1%          2    #......


Dungeon Overview and Level Annotations

Branches:
Dungeon (10/15)            Temple (1/1) D:7            Lair (1/6) D:10
    Orc (0/2) D:9

Altars:
Ashenzari
Cheibriados
Dithmenos
Gozag
Hepliaklqana
Kikubaaqudgha
Makhleb
Nemelex Xobeh
Qazlal
Ru
Sif Muna
Vehumet
Zin
The Shining One


Innate Abilities, Weirdness & Mutations

You cannot wear boots.
Your serpentine skin is tough. (AC +3)
You have supernaturally acute eyesight. (SInv)
Armour fits poorly on your strangely shaped body.
Your system is resistant to poisons. (rPois)
You cover ground very slowly.
You have a slow metabolism.
You can spit poison.


Message History

The eight-headed hydra is severely wounded.
You block the eight-headed hydra's attack.
The eight-headed hydra bites you. The eight-headed hydra bites you!
* * * LOW HITPOINT WARNING * * *
The eight-headed hydra bites you!
* * * LOW HITPOINT WARNING * * *
The eight-headed hydra bites you!
* * * LOW HITPOINT WARNING * * *
The eight-headed hydra bites you!
* * * LOW HITPOINT WARNING * * *
The eight-headed hydra bites you.
* * * LOW HITPOINT WARNING * * *
The eight-headed hydra bites you.
* * * LOW HITPOINT WARNING * * *
You hack one of the eight-headed hydra's heads off!
The seven-headed hydra grows two more!
You slash the nine-headed hydra!
The nine-headed hydra is severely wounded.
The Screaming Sword strikes up a merry melody.
The nine-headed hydra bites you!
You die...

#................#.
#.........P.P....#.
#..........PP..P..#
#........PP..PPP...
#>.....P.P.P.P.PP..
#>.....P.P####...P.
#>.....P..#.>#..PP.
#.....P...[..#P.P..
#.@D...P.P####.PPP.
#.....P..P..P.P.P..
#....(.PPP.....P..รท
#........PPPP.P...#
##.........PPP...##
##............####
#.......#....#.#.
##.........##....
##.........##...


You could see a nine-headed hydra.

Vanquished Creatures
  Erolcha (D:10)
  The ghost of ThereIsNoGod the Cleaver, a novice MiGl (D:5)
  Pikel (D:5)
  A troll (D:9)
  A two-headed ogre (D:10)
  Prince Ribbit (D:6)
  A spriggan (D:10)
  A wraith (D:6)
  A hungry ghost (D:10)
  Eustachio (D:5)
  Menkaure (D:5)
  A water moccasin (D:7)
  A porcupine (Lair:1)
  5 ice beasts
  3 sky beasts
  2 slaves (D:5)
  5 orc warriors
  Purgy (Sewer)
  A black bear (D:8)
  2 phantoms
  7 ogres
  6 centaurs
  3 giant frogs
  A gnoll sergeant (D:7)
  A wyvern skeleton (D:10)
  8 scorpions
  6 killer bees (D:9)
  A giant frog zombie (D:6)
  4 crimson imps
  A jelly (D:7)
  A quasit (D:8)
  Crazy Yiuf (D:6)
  A hound (D:6)
  4 orc priests
  8 orc wizards
  2 giant frog skeletons
  2 iguanas
  11 worker ants
  A hound zombie (D:8)
  A hound skeleton (D:10)
  2 worker ant zombies
  Robin (D:4)
  7 gnolls
  10 adders
  13 river rats
  A shadow imp (D:8)
  An ooze (D:2)
  An adder skeleton (D:5)
  5 worms
  4 dart slugs
  3 giant geckos
  24 orcs
  23 bats
  6 giant cockroaches
  11 goblins
  13 hobgoblins
  10 jackals
  7 quokkas
  A giant gecko skeleton (D:6)
  3 giant newts
  17 kobolds
  24 rats
289 creatures vanquished.

Vanquished Creatures (others)
  A slave (D:5)
  A giant cockroach (D:5)
  A bush (D:3)
  2 plants (D:3)
5 creatures vanquished.

Grand Total: 294 creatures vanquished

Notes
Turn   | Place    | Note
-------+----------+-------------------------------------------
     0 | D:1      | rlgrobin the Naga Ice Elementalist began the quest for the Orb.
     0 | D:1      | Reached XP level 1. HP: 15/15 MP: 3/3
   170 | D:1      | Reached XP level 2. HP: 7/22 MP: 1/5
   480 | D:1      | Learned a level 2 spell: Throw Frost
   743 | D:1      | Reached XP level 3. HP: 26/28 MP: 5/7
   758 | D:1      | Learned a level 3 spell: Ozocubu's Armour
  1500 | D:2      | Reached XP level 4. HP: 35/36 MP: 9/9
  1716 | D:3      | Reached skill level 1 in Shields
  2302 | D:3      | Reached XP level 5. HP: 24/42 MP: 3/10
  3053 | D:4      | Noticed Robin
  3072 | D:4      | HP: 2/42 [goblin[Robin] (2)]
  3095 | D:4      | Killed Robin
  3254 | D:4      | Got a wavering bone ring
  3262 | D:4      | Identified the ring "Qage" {rF+ SInv Stlth+} (You found it on level 4 of the Dungeon)
  3357 | D:4      | Reached XP level 6. HP: 19/49 MP: 3/11
  3441 | D:4      | Found a stormy altar of Qazlal.
  3524 | D:4      | Found a glowing drain.
  3529 | Sewer    | Entered a sewer
  3534 | Sewer    | Noticed Purgy
  3709 | Sewer    | Learned a level 4 spell: Throw Icicle
  3723 | Sewer    | Killed Purgy
  4125 | D:4      | Reached XP level 7. HP: 55/55 MP: 0/12
  4719 | D:5      | Entered Level 5 of the Dungeon
  5045 | D:5      | Noticed ThereIsNoGod's ghost (novice MiGl)
  5382 | D:5      | Reached skill level 5 in Stealth
  5382 | D:5      | Reached XP level 8. HP: 4/62 MP: 0/13
  5773 | D:5      | Noticed Eustachio
  5781 | D:5      | Killed Eustachio
  5781 | D:5      | Reached skill level 5 in Ice Magic
  5885 | D:5      | Found Omakojej's Distillery.
  5885 | D:5      | Noticed Pikel
  6118 | D:5      | Noticed Menkaure
  6191 | D:5      | Upgraded the game from 0.19-a0-1511-g16f215b to 0.19-a0-1513-gf6d23ed
  6348 | D:5      | Killed Pikel
  6348 | D:5      | Reached skill level 5 in Conjurations
  6348 | D:5      | Reached XP level 9. HP: 33/68 MP: 1/14
  6451 | D:5      | Killed ThereIsNoGod's ghost
  6549 | D:5      | Reached skill level 1 in Long Blades
  6857 | D:5      | Killed Menkaure
  7577 | D:6      | Noticed Prince Ribbit
  7591 | D:6      | Killed Prince Ribbit
  7591 | D:6      | Reached skill level 5 in Long Blades
  7624 | D:6      | Got a faintly glowing short sword
  7625 | D:6      | Identified the +5 short sword "Testudineslayer" {pierce, -Tele rC+ rN++ Dex+4} (You found it on level 6 of the Dungeon)
  8064 | D:6      | Reached XP level 10. HP: 54/75 MP: 15/15
  8099 | D:6      | Found a runed door.
  8103 | D:6      | Noticed Crazy Yiuf
  8105 | D:6      | Killed Crazy Yiuf
  8745 | D:7      | Reached skill level 1 in Fighting
  8765 | D:7      | Found a staircase to the Ecumenical Temple.
  8777 | D:7      | Learned a level 3 spell: Dazzling Spray
  8779 | Temple   | Entered the Ecumenical Temple
  8787 | Temple   | Became a worshipper of Vehumet
  8806 | D:7      | Learned a level 2 spell: Searing Ray
  9400 | D:8      | Found a glowing golden altar of the Shining One.
  9492 | D:8      | Reached * piety under Vehumet
  9492 | D:8      | Offered knowledge of Flame Tongue by Vehumet.
  9598 | D:8      | Got a bloodstained broad axe {flame}
  9615 | D:8      | Identified the +9 broad axe of Fear {flame, Fragile rC+ Str+5 Dex+3} (You took it off a gnoll on level 8 of the Dungeon)
  9919 | D:9      | Found a sacrificial altar of Ru.
  9922 | D:9      | Found a burning altar of Makhleb.
  9923 | D:9      | Found a sparkling altar of Nemelex Xobeh.
  9981 | D:9      | Found a staircase to the Orcish Mines.
 10177 | D:9      | Reached ** piety under Vehumet
 10271 | D:9      | Offered knowledge of Sandblast by Vehumet.
 10504 | D:10     | Entered Level 10 of the Dungeon
 10939 | D:10     | Reached XP level 11. HP: 64/92 MP: 14/17
 11001 | D:10     | Noticed Erolcha
 11057 | D:10     | Killed Erolcha
 11202 | D:10     | Offered knowledge of Static Discharge by Vehumet.
 11290 | D:10     | Found a staircase to the Lair.
 11473 | D:10     | Found a sparkling altar of Nemelex Xobeh.
 11514 | Lair:1   | Entered Level 1 of the Lair of Beasts
 11514 | Lair:1   | Noticed a seven-headed hydra
 11531 | Lair:1   | Reached *** piety under Vehumet
 11560 | Lair:1   | Learned a level 3 spell: Static Discharge
 11580 | D:10     | HP: 4/138 [eight-headed hydra (5)]
 11580 | D:10     | HP: 1/138 [eight-headed hydra (3)]
 11581 | D:10     | Mangled by a nine-headed hydra

Vault maps used:
D:1:      zaba_arrival_water, minmay_pentomino_t4
D:3:      first_bread, hangedman_glass_teeth, lexackson_kobold_supper
D:4:      grunt_qazlal_clouds, portal_sewer_entry_e, minivault_23,
          minmay_misc_feat_encased, grunt_decor_mini_mirrors, uniq_robin
D:5:      old_forge, serial_shops, kennysheep_mini_moat, uniq_eustachio,
          uniq_pikel, uniq_menkaure
D:6:      uniq_crazy_yiuf_cottage, uniq_prince_ribbit1
D:8:      marbit_many_paths
D:9:      nicolae_overflow_hidden_temple, orc_0_dummy
D:10:     grunt_lair_entry_orc_guard_hut, the_bakery,
          nemelex_diamond_rough_becter, uniq_erolcha
Temple:   lightli_temple_of_artemis
Lair:1:   lemuel_slime, serial_bayou_shore_b, grunt_megastairs_5, uniq_nergalle
Sewer:    kennysheep_door_sewer

Skill      XL: |  1  2  3  4  5  6  7  8  9 10 11 |
---------------+----------------------------------+-----
Spellcasting   | 3 4 |  4.9
Conjurations   | 2 3 5 6 7 8 |  8.5
Shields        | 1 3 |  3.4
Charms         | 3 4 |  4.2
Ice Magic      | 4 6 7 8 |  8.7
Stealth        | 5 |  5.4
Long Blades    | 6 8 |  8.0
Fighting       | 4 |  4.1
Dodging        | |  1.5

Action                   |  1- 3 |  4- 6 |  7- 9 | 10-12 || total
-------------------------+-------+-------+-------+-------++-------
Melee: Mace              |    28 |    26 |       |       ||    54
       Short sword       |       |    51 |    99 |       ||   150
       Double sword      |       |       |    80 |   352 ||   432
 Fire: Blowgun           |       |       |     5 |       ||     5
 Cast: Freeze            |    52 |    75 |    36 |    12 ||   175
       Throw Frost       |     2 |    17 |    26 |    25 ||    70
       Ozocubu's Armour  |       |       |     6 |     8 ||    14
       Throw Icicle      |       |       |    19 |    25 ||    44
       Searing Ray       |       |       |       |     1 ||     1
 Abil: Spit Poison       |     3 |    11 |    10 |     5 ||    29
Evoke: Wand              |       |       |       |     2 ||     2
  Use: Scroll            |     4 |     7 |     5 |     5 ||    21
       Potion            |       |     6 |     4 |     1 ||    11
 Stab: Sleeping          |     3 |     8 |     4 |    10 ||    25
       Distracted        |       |     1 |     1 |     1 ||     3
       Invisible         |       |       |     1 |       ||     1
  Eat: Chunk             |     2 |     7 |     9 |    15 ||    33
       Fruit             |       |     1 |     3 |     1 ||     5
       Bread ration      |       |       |     1 |       ||     1
       Pizza             |       |       |     1 |     1 ||     2
Armor: Robe              |    15 |    58 |    72 |   148 ||   293
Dodge: Dodged            |    45 |    99 |    96 |   176 ||   416
Block: Buckler           |       |    39 |    49 |    71 ||   159
